 Dungeon Crawl Stone Soup version 0.27.1-1-g398f81649c (webtiles) character file.

Game seed: 5869003968286677847

95 Descartes the Covert (level 4, -1/21 HPs)
             Began as a Felid Delver on Sept 12, 2021.
             Slain by a scorpion zombie (3 damage)
             ... on level 4 of the Dungeon.
             The game lasted 00:01:26 (440 turns).

Descartes the Covert (Felid Delver)                  Turns: 440, Time: 00:01:26

Health: -1/21      AC:  5    Str:  9    XL:     4   Next: 39%
Magic:  5/5        EV: 18    Int: 11    God:
Gold:   40         SH:  0    Dex: 18    Spells: 3/3 levels left
                                        Lives:  0   Deaths: 1

rFire    . . .     SeeInvis +     - Unarmed
rCold    . . .     Faith    .   (shield unavailable)
rNeg     . . .     Spirit   .   (armour unavailable)
rPois    .         Reflect  .   (helmet unavailable)
rElec    .         Harm     .   (cloak unavailable)
rCorr    .         Rampage  .   (gloves unavailable)
Will     .....                  (boots unavailable)
Stlth    +++++.....             (no amulet)
HPRegen  0.07/turn              j - +4 ring of protection
MPRegen  0.09/turn              (no ring)

@: quick
A: very small, claws 1, fangs 3, see invisible, speed 1, shaggy fur 1, stealthy
paws, no weapons or thrown items, no armour, multi-lived
a: no special abilities


You were on level 4 of the Dungeon.
You visited 1 branch of the dungeon, and saw 3 of its levels.

You collected 40 gold pieces.

Inventory:

Jewellery
 j - a +4 ring of protection (left paw)
Wands
 e - a wand of digging (3)
Scrolls
 a - 4 scrolls of fog
 b - a scroll of magic mapping
 c - a scroll of fear
 g - 2 scrolls of identify {unknown}
Potions
 d - a potion of haste
 f - a potion of mutation {unknown}
 h - a potion of might {unknown}
 i - a potion of degeneration {unknown}


   Skills:
 - Level 3.0 Fighting
 + Level 3.0 Dodging
 - Level 10.0 Stealth
 - Level 2.0 Unarmed Combat


You had 3 spell levels left.
You didn't know any spells.
Your spell library was empty.

Dungeon Overview and Level Annotations

Branches:
Dungeon (5/15)
 Temple: D:4-7

Altars:

Annotations:
D:4 Blork the orc


Innate Abilities, Weirdness & Mutations

You have sharp claws.
You have razor-sharp teeth.
You have supernaturally acute eyesight. (SInv)
You cover ground quickly. (Speed+)
You are covered in fur. (AC +1)
Your paws help you pounce on unaware monsters.
You are incapable of wielding weapons or throwing items.
You cannot wear armour.
You gain extra lives every three experience levels.


Message History

You closely miss the gnoll.
The gnoll is heavily wounded.
The scorpion zombie hits you but does no damage.
The gnoll misses you.
You barely miss the gnoll.
The gnoll is heavily wounded.
The scorpion zombie hits you. The gnoll closely misses you.
You scratch the gnoll.
The gnoll is almost dead.
The scorpion zombie closely misses you. The gnoll hits you but does no damage.
You scratch the gnoll but do no damage.
The gnoll is almost dead.
The scorpion zombie hits you. The gnoll closely misses you.
You closely miss the gnoll.
The gnoll is almost dead.
The scorpion zombie barely misses you. The gnoll misses you.
You scratch the gnoll.
You kill the gnoll!
The scorpion zombie closely misses you.
Your Dodging skill increases to level 3!
You scratch the scorpion zombie but do no damage.
The scorpion zombie hits you.
* * * LOW HITPOINT WARNING * * *
You scratch the scorpion zombie but do no damage.
The scorpion zombie misses you.
You scratch the scorpion zombie but do no damage.
The scorpion zombie completely misses you.
You barely miss the scorpion zombie. The scorpion zombie hits you.
* * * LOW HITPOINT WARNING * * *
You see here a jackal skeleton.
You scratch the scorpion zombie. You bite the scorpion zombie.
The scorpion zombie is lightly damaged.
The scorpion zombie misses you.
You scratch the scorpion zombie.
The scorpion zombie is lightly damaged.
The scorpion zombie completely misses you.
You barely miss the scorpion zombie. You bite the scorpion zombie.
The scorpion zombie is lightly damaged.
The scorpion zombie hits you.
You die...

#### #..#########
##..>......#
##........##############
#.........##.......<).#
#..........#......†...#
#..†.......@Z.........#
#..<..................#
#.........##............
#.........##÷..........##
#........................
#........................
######.##†......(...
##.##...........
##..##.......#...


You could see a scorpion zombie.

Vanquished Creatures
  Menkaure (D:4)
  A hound (D:4)
  A gnoll (D:4)
  An adder (D:4)
  A hobgoblin (D:4)
  5 jackals
10 creatures vanquished.

Notes
Turn   | Place    | Note
-------+----------+-------------------------------------------
     0 | D:5      | Descartes the Felid Delver began the quest for the Orb.
     0 | D:5      | Reached XP level 1. HP: 10/10 MP: 2/2
    15 | D:5      | Noticed an orc wizard
    22 | D:4      | Noticed Menkaure
    24 | D:4      | Killed Menkaure
    25 | D:4      | Reached skill level 9 in Stealth
    25 | D:4      | Reached XP level 2. HP: 7/14 MP: 3/3
    25 | D:4      | Reached XP level 3. HP: 9/17 MP: 4/4
    25 | D:4      | Reached XP level 4. HP: 11/21 MP: 5/5
   179 | D:4      | Reached XP level 5. HP: 24/24 MP: 6/6
   390 | D:4      | Noticed Blork the orc
   399 | D:4      | Killed from afar by Blork the orc
   400 | D:4      | Reached XP level 4. HP: -5/21 MP: 5/5
   410 | D:4      | Reached skill level 10 in Stealth
   427 | D:4      | HP: 1/21 [scorpion zombie (5)]
   440 | D:4      | Slain by a scorpion zombie

Illustrated notes

Levels and vault maps discovered:
D:3:      layout_rooms, lemuel_crystal_altar, tso_oasis_becter,
          fedhas_altar_fruit_tree, lemuel_coloured_pillars_altar, uniq_natasha
D:4:      layout_rooms, uniq_blork_the_orc, uniq_menkaure
D:5:      layout_loops_cross, st_stairs_8, uniq_crazy_yiuf_cottage

Skill      XL: |  1  2  3  4 |
---------------+-------------+-----
Stealth        | 9 10 | 10.0
Dodging        | 3 |  3.0
Fighting       | |  3.0
Unarmed Combat | |  2.0

Action                   |  1- 3 |  4- 6 || total
-------------------------+-------+-------++-------
Melee: Unarmed           |     3 |    28 ||    31
       Bite              |     1 |     4 ||     5
 Stab: Sleeping          |     1 |     6 ||     7
Armor: Skin              |       |     3 ||     3
Dodge: Dodged            |       |    23 ||    23
